 Dungeon Crawl Stone Soup version 0.25-a0-517-gf8b3a32422 (webtiles) character file.

Game seed: 6667029265913500495, levelgen mode: classic

82399 EnegeticOcto the Champion of Chaos (level 15, -6/146 HPs)
             Began as a Deep Dwarf Fighter on Feb 17, 2020.
             Was the Champion of Makhleb.
             Mangled by an entropy weaver (9 damage)
             ... on level 1 of the Spider Nest.
             The game lasted 00:14:30 (14274 turns).

EnegeticOcto the Champion of Chaos (DDFi)          Turns: 14274, Time: 00:14:31

Health: -6/146     AC: 14    Str: 30    XL:     15   Next: 29%
Magic:  15/15      EV:  7    Int: 19    God:    Makhleb [******]
Gold:   1121       SH:  0    Dex: 12    Spells: 14/14 levels left

rFire    . . .     SeeInvis +   a - +7 broad axe of Ruination {pain, +Inv rPois rC+}
rCold    + . .     Gourm    .   E - +18 shield of the Gong {rElec rN+ MR+ EV-5}
rNeg     + + .     Faith    .   j - +10 plate armour {ponderous}
rPois    +         Spirit   .   I - +2 helmet {SInv}
rElec    +         Reflect  +   r - scarf {repulsion}
rCorr    +         Harm     .   O - +1 pair of gloves of the Well-Known Mice {*Corrode Str+4 Int+10}
MR       +++..                  (no boots)
Stlth    ..........             A - +3 amulet of reflection
HPRegen  0.00/turn              u - ring of resist corrosion
MPRegen  0.14/turn              C - ring of poison resistance

@: confused, lethally poisoned (-6 -> -31), corroded, non-regenerating, slowed,
repel missiles, very slow
A: damage resistance, heal wounds, negative energy resistance 1, sense
surroundings 2, no regeneration
a: Heal Wounds, Minor Destruction, Lesser Servant of Makhleb, Major Destruction,
Greater Servant of Makhleb, Renounce Religion, Evoke Invisibility


You were on level 1 of the Spider Nest.
You worshipped Makhleb.
Makhleb was exalted by your worship.
You were hungry.

You visited 5 branches of the dungeon, and saw 23 of its levels.
You visited 1 bazaar.
You also visited: Bailey, Gauntlet and Volcano.

You collected 2215 gold pieces.
You spent 1094 gold pieces at shops.

Inventory:

Hand Weapons
 a - the +7 broad axe of Ruination (weapon) {pain, +Inv rPois rC+}
   (You found it on level 2 of the Lair of Beasts)

   In the hands of one skilled in necromantic magic, it inflicts extra damage on
   living creatures.
   It protects you from cold.
   It protects you from poison.
   It lets you turn invisible.
 c - a +0 broad axe of flaming
Missiles
 t - 4 throwing nets (quivered)
Armour
 i - a +0 pair of gloves
 j - a +10 plate armour of ponderousness (worn)
 r - a scarf of repulsion (worn)
 E - the +18 shield of the Gong (worn) {rElec rN+ MR+ EV-5}
   (You found it in a Gauntlet)

   It affects your evasion (-5).
   It insulates you from electricity.
   It protects you from negative energy.
   It affects your resistance to hostile enchantments.
 I - a +2 helmet of see invisible (worn)
 O - the +1 pair of gloves of the Well-Known Mice (worn) {*Corrode Str+4 Int+10}
   (You acquired it on level 13 of the Dungeon)

   It affects your strength (+4).
   It affects your intelligence (+10).
   It may corrode you when you take damage.
   If you remove this armour, your AC will decrease by 2 (14 -> 12).
Jewellery
 u - a ring of resist corrosion (left hand)
 A - a +3 amulet of reflection (around neck)
 C - a ring of poison resistance (right hand)
Wands
 b - a wand of polymorph (9)
 l - a wand of acid (22) {@V1}
 o - a wand of enslavement (10)
 s - a wand of iceblast (7)
 y - a wand of clouds (4)
 J - a wand of paralysis (10)
 Q - a wand of digging (5) {@V2}
Scrolls
 q - a scroll of blinking {@r3}
 w - 8 scrolls of teleportation {@r2}
 x - a scroll of immolation {@r4}
 B - 4 scrolls of fog
 D - 3 scrolls of summoning
 H - 3 scrolls of magic mapping {@r5}
 R - 2 scrolls of noise
Potions
 d - a potion of cancellation
 f - 10 potions of curing {@q1}
 g - 3 potions of lignification {@q7}
 h - 6 potions of heal wounds {@q2}
 k - 3 potions of might {@q3}
 m - 4 potions of resistance {@q6}
 n - 5 potions of haste {@q4}
 p - 3 potions of agility
 v - 3 potions of ambrosia
 z - a potion of mutation
 F - a potion of magic
 G - a potion of brilliance
 K - 2 potions of berserk rage
 M - 2 potions of degeneration
Comestibles
 e - 31 rations


   Skills:
 * Level 12.3 Fighting
 * Level 14.2 Axes
 + Level 10.8 Armour
 + Level 10.4 Dodging
 + Level 10.9 Shields
 * Level 15.4 Invocations


You had 14 spell levels left.
You didn't know any spells.
Your spell library contained the following spells:

 Spells                   Type           Power        Failure   Level  Hunger
 Animate Skeleton         Necr           N/A          94%         1    ##.....
 Freeze                   Ice            #...         94%         1    ##.....
 Pain                     Necr           #...         94%         1    ##.....
 Corpse Rot               Necr/Air       N/A          98%         2    ###....
 Confusing Touch          Hex            #.......     100%        3    ####...
 Frozen Ramparts          Ice            #.....       100%        3    ####...
 Gell's Gravitas          Tloc           #.........   100%        3    ####...
 Ozocubu's Armour         Chrm/Ice       #.......     100%        3    ####...
 Recall                   Summ/Tloc      N/A          100%        3    ####...
 Stone Arrow              Conj/Erth      #.....       100%        3    ####...
 Vampiric Draining        Necr           #.........   100%        3    ####...
 Animate Dead             Necr           N/A          100%        4    #####..
 Hailstorm                Conj/Ice       #.......     100%        4    #####..
 Leda's Liquefaction      Hex/Erth       #.........   100%        4    #####..
 Petrify                  Tmut/Erth      #.......     100%        4    #####..
 Summon Ice Beast         Ice/Summ       #.......     100%        4    #####..
 Agony                    Necr           #.......     100%        5    ######.
 Aura of Abjuration       Summ           #.........   100%        5    ######.
 Bolt of Magma            Conj/Fire/Erth #.........   100%        5    ######.
 Metabolic Englaciation   Hex/Ice        #.........   100%        5    ######.
 Summon Demon             Summ           #.........   100%        5    ######.
 Summon Forest            Summ/Tloc      #.........   100%        5    ######.
 Summon Mana Viper        Hex/Summ       #.......     100%        5    ######.
 Yara's Violent Unravell  Hex/Tmut       #.........   100%        5    ######.
 Eringya's Noxious Bog    Tmut/Pois      #.........   100%        6    #######
 Hydra Form               Tmut           #.........   100%        6    #######
 Iron Shot                Conj/Erth      #.........   100%        6    #######
 Shadow Creatures         Summ           N/A          100%        6    #######
 Statue Form              Tmut/Erth      #........    100%        6    #######
 Summon Hydra             Summ           #.........   100%        7    #######
 Shatter                  Erth           #.........   100%        9    #######


Dungeon Overview and Level Annotations

Branches:
Dungeon (15/15)            Temple (1/1) D:6            Lair (5/6) D:9
 Shoals (0/4) Lair:2       Spider (1/4) Lair:3          Orc (1/2) D:12
 Vaults (0/5) D:13         Depths (0/5) D:15         Bailey (visited)
Volcano (visited)         Gauntlet (visited)
  Slime: Lair:5-6

Altars:
Ashenzari
Makhleb
Nemelex Xobeh
Okawaru
Uskayaw
Xom

Shops:
D:10 }   D:11 !

Portals:
Trove: D:13 (show abyssal rune of Zot)

Annotations:
D:8 1 runed translucent door
Spider:1 Asterion


Innate Abilities, Weirdness & Mutations

You are resistant to damage.
You can heal yourself by infusing magical energy.
You resist negative energy. (rN+)
You passively map the area around you.
You do not regenerate.


Message History

GONNNNG!
The demonic crawler hits you but does no damage.
The demonic crawler hits you.
The demonic crawler hits you but does no damage.
The tarantella closely misses you.
Your plate armour prevents you from hitting the cacodemon.
The cacodemon is heavily wounded.
You hit the redback but do no damage. You hit the demonic crawler.
You hit the demonic crawler but do no damage.
You slash the entropy weaver! Asterion blocks your attack.
You hit the tarantella but do no damage.
You closely miss the redback.
You feel very sick. You block Asterion's attack.
PANG!
Asterion gores you! You block the redback's attack.
GONNNNG!
You block the redback's attack.
GONNNNG!
The demonic crawler hits you but does no damage.
You block the demonic crawler's attack.
SHROANNG!
The demonic crawler hits you. The tarantella bites you.
You are confused.
The demonic crawler hits you but does no damage. x3
The entropy weaver hits you but does no damage. x2
The entropy weaver hits you! x2; The cacodemon hits you!
The cacodemon barely misses you.
Asterion hits you with a +1 demon whip of venom!
* * * LOW HITPOINT WARNING * * *
You are more poisoned.
Asterion gores you.
* * * LOW HITPOINT WARNING * * *
The jumping spider leaps!
The demonic crawler hits you.
* * * LOW HITPOINT WARNING * * *
The demonic crawler hits you but does no damage.
The demonic crawler closely misses you.
The redback bites you but does no damage.
The jumping spider leaps!
The redback bites you.
The tarantella bites you but does no damage.
The demonic crawler barely misses you.
The demonic crawler hits you but does no damage. x2
You are too injured to fight recklessly!
You are too injured to fight recklessly!
You are too injured to fight recklessly!
You are too injured to fight recklessly!
You are too injured to fight recklessly!
You are too injured to fight recklessly!
You are too injured to fight recklessly!
You are too injured to fight recklessly!
You are too injured to fight recklessly!
You are too injured to fight recklessly!
You are too injured to fight recklessly!
You are too injured to fight recklessly!
You are too injured to fight recklessly!
You are too injured to fight recklessly!
You are too injured to fight recklessly!
You're too confused!
You're too confused!
You are too injured to fight recklessly!
You are too injured to fight recklessly!
You are too injured to fight recklessly!
You are too injured to fight recklessly!
You are too injured to fight recklessly!
You are too injured to fight recklessly!
You are too injured to fight recklessly!
You are too injured to fight recklessly!
You are too injured to fight recklessly!
You slash the demonic crawler!
The demonic crawler is heavily wounded.
You closely miss the entropy weaver.
Your shield and plate armour prevent you from hitting Asterion.
You miss the tarantella. You slash the redback! You miss the cacodemon.
You slice the redback!!
You hit the demonic crawler but do no damage.
* * * LOW HITPOINT WARNING * * *
You feel very sick.
Asterion hits you with a +1 demon whip of venom.
Asterion gores you!
* * * LOW HITPOINT WARNING * * *
The entropy weaver mumbles some strange words.
The entropic weave corrodes you!
The jumping spider leaps!
The redback bites you. x2
* * * LOW HITPOINT WARNING * * *
The tarantella bites you but does no damage.
The demonic crawler hits you but does no damage.
The demonic crawler barely misses you. The demonic crawler closely misses you.
The cacodemon hits you!
* * * LOW HITPOINT WARNING * * *
The cacodemon completely misses you.
The demonic crawler hits you but does no damage.
The demonic crawler closely misses you.
The demonic crawler hits you but does no damage.
Asterion closely misses you. Asterion gores you!
* * * LOW HITPOINT WARNING * * *
The entropy weaver hits you!
* * * LOW HITPOINT WARNING * * *
The entropy weaver hits you but does no damage.
The entropy weaver hits you!
You die...

, *^,, ,
*#.s.##......#...
,,
................,,
,,
*................,
#...............
.......°.......?,,
,, ...>...s........
, #.....ssas......
.....°s@Hs..w..., ,
,
,,......2sss..^...
,,
,.......s.s≈≈≈... ,
,.....##...≈.....,,
..≈≈≈*.......... ,
, ≈ .≈#.,
.......... , ** #
.,, .......... ,
*.. .......... , ,
* , , , ,


You could see Asterion, a cacodemon, an entropy weaver, a torpor snail, 3
demonic crawlers, 3 jumping spiders, 3 tarantellas and 3 redbacks.

Vanquished Creatures
  Gastronok (Lair:1)
  Frances (Spider:1)
  Kirke (D:13)
  A fire giant (D:15)
  An orc warlord (Orc:1)
  A minotaur (Gauntlet)
  Josephine (D:15)
  Erolcha (D:10)
  A yaktaur captain (D:15)
  Harold (D:8)
  A vault guard (D:13)
  7 hydras
  3 centaur warriors
  A death knight (D:11)
  An ogre mage (D:14)
  3 two-headed ogres
  A two-headed ogre (shapeshifter) (D:15)
  A tengu warrior (D:14)
  A wizard (D:14)
  2 unseen horrors
  2 orc knights
  4 wolf spiders (Spider:1)
  11 ugly things
  A lindwurm (D:13)
  8 deep elf magi
  An oklob plant (Gauntlet)
  4 manticores
  3 cyclopes
  A merfolk siren (Lair:2)
  2 molten gargoyles (Volcano)
  A black mamba (Lair:2)
  Maggie (D:7)
  2 gargoyles (D:13)
  6 spiny frogs
  2 orange demons (D:12)
  A kobold demonologist (D:13)
  8 rime drakes (Lair:2)
  5 komodo dragons
  A freezing wraith (D:13)
  3 efreet (Volcano)
  A tengu conjurer (D:14)
  5 trolls
  3 jumping spiders (Spider:1)
  A polar bear (Lair:4)
  A queen bee (D:11)
  Prince Ribbit (D:7)
  A raiju (shapeshifter) (D:8)
  5 hippogriffs
  4 slime creatures (D:14)
  14 blink frogs
  A vampire (D:15)
  8 shadows
  8 redbacks (Spider:1)
  5 wraiths
  4 tarantellas (Spider:1)
  4 wyverns
  2 basilisks
  2 large abominations (Gauntlet)
  20 yaks
  3 hungry ghosts
  9 steam dragons
  7 hogs (D:13)
  4 small abominations (Gauntlet)
  4 fire elementals (Volcano)
  A warg (Orc:1)
  3 vampire mosquitoes (D:15)
  2 acid dragons
  A water moccasin (shapeshifter) (D:13)
  A soldier ant (D:10)
  8 water moccasins
  11 porcupines
  5 ice beasts
  19 orc warriors
  2 sky beasts
  2 necrophages (D:9)
  2 phantoms (D:8)
  9 ogres
  17 centaurs
  4 wolves (Lair:3)
  9 crocodiles
  19 bullfrogs
  2 gnoll sergeants
  4 earth elementals (Volcano)
  A water moccasin skeleton (D:11)
  2 wyvern skeletons
  5 scorpions
  25 killer bees
  13 wights
  4 howler monkeys
  5 centaur zombies
  7 crimson imps
  3 hounds
  4 jellies
  A quasit (D:5)
  A bullfrog zombie (D:10)
  4 centaur skeletons
  18 orc wizards
  16 orc priests
  2 bullfrog skeletons (D:11)
  23 worker ants
  2 iguanas
  A hound skeleton (D:5)
  A hound zombie (D:7)
  A worker ant zombie (D:8)
  5 gnolls (D:9)
  10 adders
  5 shadow imps
  A worm (D:6)
  A dart slug (D:5)
  5 leopard geckos
  100 orcs
  2 ball pythons (D:4)
  A giant cockroach (D:4)
  A goblin (D:1)
  2 hobgoblins (D:1)
  4 jackals (D:8)
  4 quokkas
  4 bats (D:1)
  A frilled lizard (D:4)
  2 leopard gecko skeletons
  A leopard gecko zombie (D:5)
  A quokka zombie (D:7)
  A fire vortex (Volcano)
  5 fungi
  A plant (Lair:2)
632 creatures vanquished.

Vanquished Creatures (others)
  Nessos (D:15)
  A rakshasa (D:14)
  A cyclops (D:13)
  A manticore (D:12)
  A rime drake (Lair:2)
  A sky beast (D:8)
  A black bear (D:12)
  An orc (D:12)
  5 fungi
  3 plants
  4 toadstools (D:1)
  A withered plant (Gauntlet)
21 creatures vanquished.

Grand Total: 653 creatures vanquished

Notes
Turn   | Place    | Note
-------+----------+-------------------------------------------
     0 | D:1      | EnegeticOcto the Deep Dwarf Fighter began the quest for the
                  | Orb.
     0 | D:1      | Reached XP level 1. HP: 20/20 MP: 1/1
   301 | D:2      | Reached XP level 2. HP: 20/27 MP: 2/2
   377 | D:4      | Reached XP level 3. HP: 21/34 MP: 3/3
   400 | D:4      | Reached skill level 1 in Dodging
   496 | D:4      | Reached XP level 4. HP: 42/42 MP: 4/4
   844 | D:4      | Reached XP level 5. HP: 38/49 MP: 5/5
   900 | D:4      | Found a sparkling altar of Nemelex Xobeh.
  1037 | D:5      | Entered Level 5 of the Dungeon
  1045 | D:5      | Noticed a centaur
  1069 | D:5      | Killed a centaur
  1069 | D:5      | Reached XP level 6. HP: 41/57 MP: 6/6
  1103 | D:5      | Reached XP level 7. HP: 50/66 MP: 4/4
  1129 | D:5      | Reached skill level 5 in Axes
  1404 | D:5      | Reached skill level 5 in Fighting
  1559 | D:6      | Reached skill level 5 in Armour
  1559 | D:6      | Reached skill level 5 in Shields
  1600 | D:6      | Reached XP level 8. HP: 74/74 MP: 5/5
  1604 | D:6      | Found a staircase to the Ecumenical Temple.
  1625 | Temple   | Entered the Ecumenical Temple
  1636 | Temple   | Became a worshipper of Makhleb the Destroyer
  1772 | D:6      | Reached skill level 1 in Invocations
  1946 | D:6      | Reached skill level 2 in Invocations
  2464 | D:7      | Noticed Maggie
  2483 | D:7      | Killed Maggie
  2483 | D:7      | Reached skill level 3 in Invocations
  2499 | D:7      | Reached skill level 4 in Invocations
  2564 | D:7      | Gained mutation: You passively map the area around you.
                  | [Deep Dwarf growth]
  2564 | D:7      | Reached XP level 9. HP: 39/82 MP: 9/9
  2567 | D:7      | Reached * piety under Makhleb
  2712 | D:7      | Noticed Prince Ribbit
  2729 | D:7      | Killed Prince Ribbit
  2948 | D:8      | Found a flagged portal.
  2980 | D:8      | Reached skill level 5 in Invocations
  2986 | Bailey   | Entered a bailey
  3062 | Bailey   | Noticed an orc knight
  3062 | Bailey   | Noticed an orc knight
  3079 | Bailey   | Noticed an orc knight
  3299 | Bailey   | Killed an orc knight
  3526 | D:8      | Noticed a two-headed ogre
  3527 | D:8      | Noticed Harold
  3539 | D:8      | Killed a two-headed ogre
  3539 | D:8      | Reached skill level 5 in Dodging
  3539 | D:8      | Reached skill level 6 in Invocations
  3549 | D:8      | Killed Harold
  3549 | D:8      | Reached skill level 7 in Invocations
  3549 | D:8      | Reached XP level 10. HP: 65/94 MP: 6/8
  3684 | D:8      | Reached ** piety under Makhleb
  3710 | D:8      | Found a runed translucent door.
  3711 | D:8      | Noticed a red ugly thing
  4136 | D:8      | Found a runed translucent door.
  4136 | D:8      | Found a runed translucent door.
  4170 | D:8      | Killed a red ugly thing
  4178 | D:8      | Reached skill level 8 in Invocations
  4280 | D:8      | Noticed a deep elf mage
  4296 | D:8      | Killed a deep elf mage
  4302 | D:8      | Noticed a centaur warrior
  4318 | D:8      | Killed a centaur warrior
  4318 | D:8      | Reached XP level 11. HP: 95/103 MP: 10/10
  4320 | D:8      | Reached skill level 9 in Invocations
  4532 | D:9      | Found an iron altar of Okawaru.
  4605 | D:9      | Found a staircase to the Lair.
  4609 | D:9      | Noticed a two-headed ogre
  4616 | D:9      | Killed a two-headed ogre
  4619 | D:9      | Reached *** piety under Makhleb
  5451 | D:10     | Entered Level 10 of the Dungeon
  5471 | D:10     | Reached skill level 10 in Axes
  5605 | D:10     | Noticed Erolcha
  5616 | D:10     | Killed Erolcha
  5616 | D:10     | Reached skill level 10 in Invocations
  5934 | D:10     | Found Imomoez's Gadget Shoppe.
  6216 | D:11     | Reached **** piety under Makhleb
  6520 | D:11     | Found Taheagan's Distillery.
  6526 | D:11     | Bought a potion of berserk rage for 75 gold pieces
  6526 | D:11     | Bought 2 potions of haste for 300 gold pieces
  6526 | D:11     | Bought a potion of heal wounds for 75 gold pieces
  6565 | D:11     | Found a gate leading to a gauntlet.
  6588 | Gauntlet | Entered a Gauntlet
  6588 | Gauntlet | Found a transporter.
  6588 | Gauntlet | Found a transporter.
  6588 | Gauntlet | Noticed a fire crab
  6597 | Gauntlet | Found a transporter.
  6600 | Gauntlet | Found a transporter.
  6608 | Gauntlet | Found a transporter.
  6612 | Gauntlet | Found a transporter.
  6614 | Gauntlet | Noticed a catoblepas
  6620 | Gauntlet | Found a transporter.
  6636 | Gauntlet | Found a transporter.
  6650 | Gauntlet | Found a transporter.
  6654 | Gauntlet | Found a transporter.
  6656 | Gauntlet | Found a runed translucent door.
  6657 | Gauntlet | Noticed an oklob plant
  6658 | Gauntlet | Found a runed translucent door.
  6662 | Gauntlet | Found a transporter.
  6666 | Gauntlet | Found a transporter.
  6721 | Gauntlet | Reached XP level 12. HP: 97/114 MP: 12/12
  6862 | Gauntlet | Identified the +8 battleaxe "Qasudir" {venom, rF+}
  6862 | Gauntlet | Identified the +4 shortbow of Painful Death {speed,
                  | *Corrode rC+ rN++}
  6862 | Gauntlet | Noticed a minotaur
  6871 | Gauntlet | Killed a minotaur
  6871 | Gauntlet | Reached ***** piety under Makhleb
  6871 | Gauntlet | Reached skill level 11 in Invocations
  6884 | Gauntlet | Found the +18 shield of the Gong {rElec rN+ MR+ EV-5}
  7180 | D:11     | Noticed a death knight
  7196 | D:11     | Killed a death knight
  7525 | D:12     | Found a staircase to the Orcish Mines.
  7569 | Orc:1    | Entered Level 1 of the Orcish Mines
  7634 | Orc:1    | Noticed an orc warlord
  7661 | Orc:1    | Killed an orc warlord
  7661 | Orc:1    | Reached skill level 10 in Fighting
  7680 | Orc:1    | Reached skill level 12 in Invocations
  8409 | D:12     | Found a flickering gateway to a bazaar.
  8418 | Bazaar   | Entered a bazaar
  8418 | Bazaar   | Found Dotuhuel's Antique Weapon Boutique.
  8425 | Bazaar   | Found Dycasun's Magic Scroll Emporium.
  8433 | Bazaar   | Found Okleghich's Gadget Emporium.
  8444 | Bazaar   | Found Xaymes's Antique Armour Boutique.
  8455 | Bazaar   | Found Amek's General Store.
  8495 | Bazaar   | Bought a scroll of magic mapping for 52 gold pieces
  8495 | Bazaar   | Bought 2 scrolls of summoning for 285 gold pieces
  8495 | Bazaar   | Bought a scroll of fog for 30 gold pieces
  8495 | Bazaar   | Bought a scroll of identify for 30 gold pieces
  8495 | Bazaar   | Bought a scroll of identify for 30 gold pieces
  8495 | Bazaar   | Bought a scroll of identify for 30 gold pieces
  8495 | Bazaar   | Bought a scroll of identify for 30 gold pieces
  8511 | Bazaar   | Bought a glowing helmet for 157 gold pieces
  8919 | D:13     | Noticed Kirke
  8926 | D:13     | Noticed a sphinx
  8932 | D:13     | Reached XP level 13. HP: 123/123 MP: 14/14
  8943 | D:13     | Killed Kirke
  9079 | D:13     | Found a gate to the Vaults.
  9281 | D:13     | Reached ****** piety under Makhleb
  9355 | D:13     | Found a portal to a secret trove of treasure.
  9590 | D:13     | Identified a scroll of acquirement
  9590 | D:13     | Identified the +1 pair of gloves of the Well-Known Mice
                  | {*Corrode Str+4 Int+10} (You acquired it on level 13 of the
                  | Dungeon)
  9622 | D:14     | Reached skill level 13 in Invocations
 10043 | D:14     | Found the +12 glaive of Prune {vorpal}
 10312 | D:15     | Entered Level 15 of the Dungeon
 10312 | D:15     | Noticed Josephine
 10326 | D:15     | Gained mutation: You resist negative energy. (rN+) [Deep
                  | Dwarf growth]
 10326 | D:15     | Reached XP level 14. HP: 112/135 MP: 16/16
 10332 | D:15     | Killed Josephine
 10339 | D:15     | Reached skill level 10 in Shields
 10343 | D:15     | Reached skill level 10 in Armour
 10344 | D:15     | Noticed Nessos
 10346 | D:15     | Reached skill level 14 in Invocations
 10353 | D:15     | Killed Nessos
 10540 | D:15     | Noticed a fire giant
 10541 | D:15     | Found a staircase to the Depths.
 10584 | D:15     | Killed a fire giant
 10881 | Lair:1   | Entered Level 1 of the Lair of Beasts
 10936 | Lair:1   | Found a hide-covered altar of Uskayaw.
 11021 | Lair:1   | Found the +3 salamander hide armour {+Rage rF++}
 11026 | Lair:1   | Noticed Gastronok
 11042 | Lair:1   | Killed Gastronok
 11369 | Lair:2   | Reached skill level 10 in Dodging
 11529 | Lair:2   | Found a staircase to the Shoals.
 12226 | Lair:2   | Got a jewelled broad axe
 12227 | Lair:2   | Identified the +7 broad axe of Ruination {pain, +Inv rPois
                  | rC+} (You found it on level 2 of the Lair of Beasts)
 12407 | Lair:3   | Found a hole to the Spider Nest.
 12476 | Lair:3   | Found a dark tunnel.
 12490 | Volcano  | Entered a volcano
 12572 | Volcano  | Reached skill level 15 in Invocations
 13189 | Lair:4   | Reached XP level 15. HP: 144/144 MP: 17/17
 14237 | Spider:1 | Entered Level 1 of the Spider Nest
 14245 | Spider:1 | Noticed Frances
 14258 | Spider:1 | Noticed Asterion
 14270 | Spider:1 | Killed Frances
 14274 | Spider:1 | HP: 3/146 [entropy weaver (7)]
 14274 | Spider:1 | Mangled by an entropy weaver

Levels and vault maps discovered:
D:1:      ldierk_walled_garden_2, layout_loops_ring
D:2:      layout_loops_ring, minmay_tall_x
D:3:      layout_loops_ring, first_ration
D:4:      layout_loops_ring, hangedman_feature_mirror, kennysheep_donut,
          nemelex_xobeh_ov_fountains_minmay
D:5:      layout_rooms, serial_glass, glass_columns_b, glass_columns_c,
          due_unseen_surprise, item_on_display_a, item_on_display_a,
          minmay_strange_pillars
D:6:      layout_basic, temple_pool_b,
          hangedman_abyss_or_decor_jellyfish_corner, grunt_ministairs_10
D:7:      layout_gridville, uniq_maggie, uniq_prince_ribbit1
D:8:      minmay_the_grid_triangle_9x9_rhombus_full
          [minmay_the_grid_triangle_9x9_swiss_cheese,
          minmay_the_grid_triangle_9x9_fully_insulated_deathbox,
          minmay_the_grid_triangle_9x9_limited_checkers,
          minmay_the_grid_triangle_9x9_wacky_v,
          minmay_the_grid_triangle_9x9_sparse_checkered,
          minmay_the_grid_triangle_9x9_impossible_snake,
          minmay_the_grid_triangle_9x9_alien,
          minmay_the_grid_triangle_9x9_prize_center], layout_basic,
          enter_bailey_2, uniq_harold
D:9:      layout_basic, lemuel_round_altar, dpeg_oklobed_lair
D:10:     layout_loops_cross, serial_shops, nicolae_shop_stone, uniq_erolcha
D:11:     layout_roguey, gauntlet_entry_generic, serial_shops,
          nicolae_shop_stone, david_nohive_1, minmay_misc_feat_four_crosses,
          minivault_20, minmay_misc_feat_rugged, minmay_stone_trees_medium
D:12:     layout_loops_ring, hiddenorc2_lemuel, serial_shops, bzr_firewalk,
          einodemon_barbed_minivault
D:13:     layout_long_grid, david_vaults_4, enter_trove_5, uniq_kirke
D:14:     layout_rooms, minmay_guarded_unrand_prune
D:15:     grunt_enter_depths_giant_problem, layout_cave_pools,
          minmay_misc_feat_columns, uniq_josephine, uniq_nessos
Temple:   regret_index_temple_sigil_plot
Lair:1:   layout_loops_ring, basic_altar, uniq_gastronok
Lair:2:   layout_regular_city, minmay_shoals_entry_lonely_mermaid,
          bobbens_dragon_lair_wall
Lair:3:   layout_chaotic_city, spider_nest_entry_webs, enter_volcano_1,
          grunt_megastairs_4
Lair:4:   layout_cave_pods, lemuel_fruit_tree
Lair:5:   layout_cave_shapes, chequers_serial_rivers_micro_c,
          grunt_megastairs_3, lemuel_fruit_fields, lemuel_fruit_fields
Spider:1: layout_spider_delve, uniq_asterion, uniq_roxanne, uniq_frances
Orc:1:    layout_caves

Skill      XL: |  1  2  3  4  5  6  7  8  9 10 11 12 13 14 15 |
---------------+----------------------------------------------+-----
Fighting       | 3 4 5 6 7 8 9 10 11 12 | 12.3
Dodging        | 1 2 3 4 5 6 7 8 9 10 | 10.4
Axes           | 3 4 5 6 8 9 10 11 12 13 14 | 14.2
Armour         | 4 5 6 7 8 9 10 | 10.8
Shields        | 4 5 6 7 8 9 10 | 10.9
Invocations    | 4 7 8 10 12 13 15 | 15.4

Action                   |  1- 3 |  4- 6 |  7- 9 | 10-12 | 13-15 || total
-------------------------+-------+-------+-------+-------+-------++-------
Melee: War axe           |    71 |    88 |    87 |       |       ||   246
       Broad axe         |       |       |   250 |  1019 |   752 ||  2021
 Abil: Heal Wounds       |     2 |     7 |    31 |    10 |    21 ||    71
Evoke: Wand              |       |       |     4 |       |       ||     4
  Use: Scroll            |       |       |    12 |     4 |    16 ||    32
       Potion            |       |       |     2 |     1 |     1 ||     4
 Stab: Paralysed         |       |       |     1 |       |       ||     1
       Distracted        |       |       |       |       |     1 ||     1
  Eat: Chunk             |       |    12 |     7 |    23 |    14 ||    56
       Ration            |       |       |       |       |     2 ||     2
Armor: Scale mail        |    33 |    10 |       |       |       ||    43
       Chain mail        |       |   147 |   129 |       |       ||   276
       Plate armour      |       |       |    22 |   598 |   620 ||  1240
Dodge: Dodged            |    29 |    76 |   101 |   279 |   194 ||   679
       Deflected         |       |       |       |       |     8 ||     8
Block: Kite shield       |    46 |   111 |   187 |   894 |  1368 ||  2606
       Reflection        |       |       |       |     6 |    39 ||    45

Table legend:
 A = Non-vault XP
 B = Vault XP
 C = Vault XP percentage of total XP
 D = Non-vault monster count
 E = Vault monster count
 F = Vault count percentage of total count
                 A         B        C        D         E       F
            +---------+---------+-------+---------+---------+-------
      Total |   70173 |   47541 |  40.4 |     437 |     193 |  30.6
            +---------+---------+-------+---------+---------+-------
        D:1 |      11 |       0 |   0.0 |       7 |       0 |   0.0
        D:2 |      14 |       0 |   0.0 |       1 |       0 |   0.0
        D:3 |      13 |       0 |   0.0 |       1 |       0 |   0.0
        D:4 |     124 |      52 |  29.5 |      15 |       3 |  16.7
        D:5 |    1120 |       0 |   0.0 |      35 |       0 |   0.0
        D:6 |     442 |       1 |   0.2 |      15 |       1 |   6.2
        D:7 |     696 |     707 |  50.4 |      15 |       2 |  11.8
        D:8 |    1716 |    6002 |  77.8 |      24 |      28 |  53.8
        D:9 |    3617 |       0 |   0.0 |      38 |       0 |   0.0
       D:10 |    2478 |    1007 |  28.9 |      24 |       1 |   4.0
       D:11 |    3028 |    2055 |  40.4 |      32 |      19 |  37.3
       D:12 |    1450 |    2262 |  60.9 |      11 |      39 |  78.0
       D:13 |    6440 |    5863 |  47.7 |      30 |      13 |  30.2
       D:14 |    8387 |    5739 |  40.6 |      24 |       9 |  27.3
       D:15 |   11676 |    4198 |  26.4 |      31 |       7 |  18.4
     Lair:1 |    3550 |    2317 |  39.5 |       6 |       1 |  14.3
     Lair:2 |    5322 |    4791 |  47.4 |      19 |      17 |  47.2
     Lair:3 |    2184 |     834 |  27.6 |      13 |       5 |  27.8
     Lair:4 |    5563 |       0 |   0.0 |      22 |       0 |   0.0
     Lair:5 |    1186 |    1587 |  57.2 |       7 |       7 |  50.0
   Spider:1 |    5852 |    2201 |  27.3 |      19 |       1 |   5.0
      Orc:1 |    5304 |       0 |   0.0 |      48 |       0 |   0.0
     Bailey |       0 |     819 | 100.0 |       0 |      12 | 100.0
    Volcano |       0 |    3039 | 100.0 |       0 |      13 | 100.0
   Gauntlet |       0 |    4067 | 100.0 |       0 |      15 | 100.0
            +---------+---------+-------+---------+---------+-------
